 Dungeon Crawl Stone Soup version 0.16.1-11-g651b585 (webtiles) character file.

310 vatarom the Sneak (level 6, -3/43 HPs)
             Began as an Octopode Transmuter on Apr 5, 2015.
             Slain by a giant frog skeleton (6 damage)
             ... on level 4 of the Dungeon.
             The game lasted 00:09:14 (4378 turns).

vatarom the Sneak (Octopode Transmuter)             Turns: 4378, Time: 00:09:14

Health: -3/43      AC:  1    Str: 10    XL:     6   Next: 41%
Magic:  7/10       EV: 18    Int: 15    God:
Gold:   107        SH:  0    Dex: 19    Spells: 3 memorised, 3 levels left

rFire  . . .     SeeInvis .       - Unarmed
rCold  . . .     Clarity  .     (no shield)
rNeg   . . .     SustAb   .     (helmet restricted)
rPois  .         Gourm    .     (no amulet)
rElec  .         Spirit   .     i - -3 ring of slaying (curse)
rCorr  .         Warding  .     (no ring)
rMut   .         Stasis   .     (no ring)
MR     .....                    (no ring)
Stlth  +++++.....               (no ring)
                                (no ring)
                                (no ring)
                                (no ring)

@: agile, lethally poisoned (-3 -> -4), not resistant to hostile enchantments,
quite stealthy
A: almost no armour, amphibious, 8 rings, constrict 8, camouflage 1, gelatinous
body 1
a: no special abilities


You were on level 4 of the Dungeon.
You were not hungry.

You visited 1 branch of the dungeon, and saw 4 of its levels.

You collected 107 gold pieces.

Inventory:

Missiles
 b - 48 arrows
Jewellery
 i - a cursed -3 ring of slaying (left tentacle)
Scrolls
 g - 2 scrolls of identify
 j - a scroll of amnesia
 k - a scroll of teleportation
Potions
 e - 2 potions of haste
Books
 d - a book of Changes

   Spells                             Type                      Level
   a - Beastly Appendage              Transmutation                1
   b - Sticks to Snakes               Transmutation                2
   c - Spider Form                    Transmutation/Poison         3
   d - Ice Form                       Ice/Transmutation            4
   e - Blade Hands                    Transmutation                5
Comestibles
 a - 2 bread rations
 c - 2 slices of pizza
 f - 6 fruits
 l - 2 meat rations


   Skills:
 + Level 3.8 Fighting
 - Level 2.0 Dodging
 - Level 4.2 Stealth
 - Level 3.0 Unarmed Combat
 - Level 2.0 Spellcasting
 + Level 4.2 Transmutations


You had 3 spell levels left.
You knew the following spells:

 Your Spells              Type           Power        Failure   Level  Hunger
a - Beastly Appendage     Trmt           ##....       4%          1    #......
b - Sticks to Snakes      Trmt           ##........   8%          2    ###....
c - Spider Form           Trmt/Pois      #.........   30%         3    ###....


Dungeon Overview and Level Annotations

Branches:
Dungeon (4/15)
 Temple: D:4-7

Altars:
Elyvilon
Okawaru


Innate Abilities, Weirdness & Mutations

You cannot wear most types of armour.
You are amphibious.
You can wear up to eight rings at the same time.
You can use your tentacles to constrict many enemies at once.
Your skin changes colour to match your surroundings (Stealth).
Your rubbery body absorbs attacks (AC +1).


Message History

Your transformation has ended.
You feel sick.
You kill the iguana!
Your magical contamination has completely faded away.
There is an open door here.
Drink which item? (? for menu, Esc to quit)
You feel agile all of a sudden. The giant frog skeleton misses you.
The giant gecko closely misses you.
The giant frog skeleton closely misses you.
You feel sick.
There is an open door here.
You tentacle-slap the giant frog skeleton.
You grab the giant frog skeleton. You constrict the giant frog skeleton.
The giant frog skeleton completely misses you.
The giant frog skeleton misses you.
You tentacle-slap the giant frog skeleton.
You constrict the giant frog skeleton. The giant gecko bites you.
* * * LOW HITPOINT WARNING * * *
The giant frog skeleton hits you.
You die...

# ###### ##### ..
#....###...######### ....
#....+.'...'.....(.+ ....##
#....###...####.##+# ......
#...###.....###.## ......
#...'Z@.....'....+
......#####...#l#.....##+###+##
..............####+###..........
..............# #...<'..........
..............# #....#..........
.........>....# ##...#.........
..............# #####....##+#.
..............# #....+
.............# #....#


You could see a giant gecko and a giant frog skeleton.

Vanquished Creatures
  A goliath beetle (D:3)
  2 orc priests (D:3)
  An iguana (D:4)
  A worker ant (D:4)
  Terence (D:2)
  A hound skeleton (D:3)
  5 adders
  4 worms (D:3)
  2 oozes
  8 orcs (D:3)
  5 bats
  3 giant cockroaches
  6 hobgoblins
  9 jackals
  7 kobolds
  3 quokkas
  2 ball pythons
  5 giant newts
  4 goblins
  5 rats
75 creatures vanquished.

Notes
Turn   | Place    | Note
--------------------------------------------------------------
     0 | D:1      | vatarom, the Octopode Transmuter, began the quest for the Orb.
     0 | D:1      | Reached XP level 1. HP: 13/13 MP: 3/3
    70 | D:1      | Reached skill level 1 in Stealth
   104 | D:1      | Reached XP level 2. HP: 8/18 MP: 4/4
   354 | D:1      | Learned a level 2 spell: Sticks to Snakes
   642 | D:1      | Reached XP level 3. HP: 23/23 MP: 6/6
   851 | D:2      | Learned a level 3 spell: Spider Form
   864 | D:2      | Reached skill level 4 in Stealth
  1250 | D:2      | Noticed Terence
  1261 | D:2      | Killed Terence
  1301 | D:2      | Found a white marble altar of Elyvilon.
  1426 | D:2      | Reached XP level 4. HP: 23/28 MP: 7/7
  2418 | D:3      | Found an iron altar of Okawaru.
  2938 | D:3      | Reached XP level 5. HP: 35/35 MP: 9/9
  3744 | D:4      | Reached XP level 6. HP: 11/42 MP: 4/10
  4378 | D:4      | Slain by a giant frog skeleton

Action                   |  1- 3 |  4- 6 || total
-------------------------+-------+-------++-------
Melee: Unarmed           |    70 |   180 ||   250
 Cast: Beastly Appendage |     8 |     4 ||    12
       Spider Form       |     1 |     9 ||    10
  Use: Scroll            |     6 |     1 ||     7
       Potion            |     5 |     5 ||    10
 Stab: Sleeping          |     3 |     4 ||     7
       Distracted        |       |     1 ||     1
  Eat: Chunk             |     2 |       ||     2
       Bread ration      |       |     3 ||     3
